 Dungeon Crawl Stone Soup version 0.31-a0-986-g5e6e4ef867 (webtiles) character file.

Game seed: 16253802595576594836

93 Lobster4 the Chiller (level 4, -2/35 HPs)
             Began as a Ghoul Ice Elementalist on Nov 13, 2023.
             Slain by a gnoll
             ... wielding a +0 spear
              (7 damage)
             ... on level 3 of the Dungeon.
             The game lasted 00:09:22 (2457 turns).

Lobster4 the Chiller (Ghoul Ice Elementalist)       Turns: 2457, Time: 00:09:23

Health: -2/35      AC:  3    Str: 11    XL:     4   Next: 61%
Magic:  1/6        EV: 12    Int: 12    God:
Gold:   98         SH:  0    Dex:  9    Spells: 3/7 levels left

rFire   . . .        j - +0 hand axe (venom)
rCold   + . .        (no shield)
rNeg    + + +        a - +0 robe
rPois   ∞            (no helmet)
rElec   .            (no cloak)
rCorr   .            (no gloves)
SInv    .            m - +0 pair of boots
Will    .....        (no amulet)
Stlth   ++           (no ring)
HPRegen 0.00/turn    (no ring)
MPRegen 0.10/turn

%: no passive effects
@: inhibited regen
A: claws 1, cold resistance 1, negative energy resistance 3, inhibited
regeneration, torment resistance 2, devour on kill
a: no special abilities


You were on level 3 of the Dungeon.
You visited 1 branch of the dungeon, and saw 3 of its levels.

You collected 98 gold pieces.

Inventory:

Hand Weapons
 c - a +0 club
 f - a +0 short sword
 j - a +0 hand axe of venom (weapon)
 k - a +0 war axe
 r - a +0 sling
Missiles
 e - 52 stones (quivered)
 g - a throwing net
 n - 6 curare-tipped darts
 o - 8 poisoned darts
Armour
 a - a +0 robe (worn)
 m - a +0 pair of boots (worn)
Scrolls
 d - a scroll of teleportation
 i - 2 scrolls of identify {unknown}
 l - a scroll of poison {unknown}
 q - a scroll of immolation {unknown}
Potions
 b - a potion of magic
 h - a potion of heal wounds {unknown}
 p - 2 potions of attraction {unknown}


   Skills:
 + Level 1.5 Fighting
 + Level 1.1 Armour
 + Level 2.4 Dodging
 - Level 3.0 Stealth
 + Level 2.2 Spellcasting
 + Level 4.7 Ice Magic


You had 3 spell levels left.
You knew the following spells:

 Your Spells              Type           Power      Damage    Failure   Level
a - Freeze                Ice            48%        1d6       3%          1
b - Frozen Ramparts       Ice            24%        1d4       12%         3

Your spell library contained the following spells:

 Spells                   Type           Power      Damage    Failure   Level
 Ozocubu's Armour         Ice            12%        N/A       12%         3
 Summon Ice Beast         Ice/Summ       7%         N/A       69%         4
 Iskenderun's Battlesphe  Conj           1%         2d6       100%        5
 Bombard                  Conj/Erth      0%         9d1       100%        6
 Spellforged Servitor     Conj/Summ      0%         N/A       100%        7


Dungeon Overview and Level Annotations

Branches:
Dungeon (3/15)

Altars:

Shops:
D:1 [   D:3 !


Innate Abilities, Weirdness & Mutations

You are immune to poison.
You have sharp fingernails.
Your flesh is cold resistant. (rC+)
You are immune to negative energy. (rN+++)
You do not regenerate when monsters are visible.
You are immune to unholy pain and torment.
You thrive by killing the living.


Message History

Aiming: Freeze (safe; 3% risk of failure)
Press: ? - help, Shift-Dir - straight line, f - gnoll
Aim: a gnoll, wielding a +0 spear You freeze the gnoll.
The gnoll is moderately wounded.
The gnoll closely misses you.
Casting: Freeze (safe; 3% risk of failure)
Confirm with . or Enter, or press ? or * to list all spells.
Aiming: Freeze (safe; 3% risk of failure)
Press: ? - help, Shift-Dir - straight line, f/p - gnoll
Aim: a gnoll, wielding a +0 spear (moderately wounded)
You freeze the gnoll.
The gnoll is heavily wounded.
The gnoll closely misses you.
Casting: Freeze (safe; 3% risk of failure)
Confirm with . or Enter, or press ? or * to list all spells.
You don't have enough magic to cast this spell.
Casting: Freeze (safe; 3% risk of failure)
Confirm with . or Enter, or press ? or * to list all spells.
You don't have enough magic to cast this spell.
Casting: Freeze (safe; 3% risk of failure)
Confirm with . or Enter, or press ? or * to list all spells.
You don't have enough magic to cast this spell.
You completely miss the gnoll.
The gnoll is heavily wounded.
The gnoll hits you with a +0 spear.
You hit the gnoll.
The gnoll is poisoned.
The gnoll is heavily wounded.
The gnoll hits you with a +0 spear.
You hit the gnoll but do no damage.
The gnoll is severely wounded.
The gnoll hits you with a +0 spear.
You hit the gnoll but do no damage.
The gnoll looks even sicker.
The gnoll is severely wounded.
The gnoll barely misses you. The gnoll closely misses you.
The gnoll hits you from afar with a +0 spear.
* * * LOW HITPOINT WARNING * * *
The gnoll attacks as it pursues you!
The gnoll hits you from afar with a +0 spear!
You die...

#.#.# #.#.# ..#
#.#.########..#
#.#.#......#..#
#.#.#.####.#..#
#.#.#<...#.#..#
#.#g#....#.#..#
####
#.######.#..#
....
#@#.........#
...#
#.#......#.##
.#.#
#.########.####
.#
#.............#
...
##########.#.##
#.#
#..........#.#
.#
#............#
##############


You could see a gnoll (very poisoned).

Vanquished Creatures
  A gnoll (D:3)
  3 adders (D:2)
  A dart slug (D:1)
  An orc (D:3)
  5 ball pythons
  6 bats
  3 endoplasms
  11 giant cockroaches
  3 hobgoblins
  6 frilled lizards
  4 goblins
  5 kobolds
  A rat (D:2)
50 creatures vanquished.

Notes
Turn   | Place    | Note
-------+----------+-------------------------------------------
     0 | D:1      | Lobster4 the Ghoul Ice Elementalist began the quest for the
                  | Orb.
     0 | D:1      | Reached XP level 1. HP: 14/14 MP: 2/2
   168 | D:1      | Reached XP level 2. HP: 22/22 MP: 1/3
   659 | D:1      | Reached XP level 3. HP: 26/27 MP: 2/5
   663 | D:1      | Learned a level 3 spell: Frozen Ramparts
   797 | D:1      | Reached skill level 1 in Fighting
   883 | D:1      | Found a faded altar of an unknown god.
   883 | D:1      | Noticed a shadow demon
  1002 | D:1      | Found Izxioll's Armour Shoppe.
  1097 | D:2      | Identified the +1 long sword of Noon {antimagic, rPois}
  1102 | D:2      | Reached skill level 1 in Armour
  1244 | D:2      | Reached XP level 4. HP: 35/35 MP: 6/6
  1672 | D:2      | You fall into a shaft and drop 1 floor!
  1727 | D:3      | Found Zuawkypui's Distillery.
  2457 | D:3      | Slain by a gnoll

Illustrated notes

Levels and vault maps discovered:
D:1:      dpeg_arrival_tiny_g, layout_loops_cross,
          dreamdust_ecumenical_altar_sealed_demon, serial_shops, shop,
          minmay_worlds_worst_comb
D:2:      layout_loops_cross, kennysheep_generic_room_4
D:3:      layout_basic, jmf_multi_god_temple2, serial_shops,
          nicolae_shop_advertising_works [nicolae_subvault_shop_adworks],
          nicolae_shop_pleasant_corner_grove, shop, nicolae_shop_behind_doors,
          kennysheep_generic_room_6

Skill      XL: |  1  2  3  4 |
---------------+-------------+-----
Dodging        | 2 |  2.4
Spellcasting   | 2 |  2.2
Fighting       | 1 |  1.5
Armour         | 1 |  1.1
Stealth        | 3 |  3.0
Ice Magic      | |  4.7

Action                     |  1- 3 |  4- 6 || total
---------------------------+-------+-------++-------
  Melee: Club              |    15 |       ||    15
         Unarmed           |     1 |       ||     1
         Short sword       |    35 |       ||    35
         Hand axe          |    19 |    25 ||    44
  Throw: Stone             |     1 |       ||     1
   Cast: Freeze            |    32 |    14 ||    46
    Use: Scroll            |       |     1 ||     1
   Stab: Sleeping          |     5 |     2 ||     7
 Armour: Robe              |    45 |    27 ||    72
  Dodge: Dodged            |    67 |    25 ||    92

Table legend: (Time is in decaauts)
 A = Elapsed time spent in this place.
 B = Non-inter-level travel time spent in this place.
 C = Inter-level travel time spent in this place.
 D = Time resting spent in this place.
 E = Time spent auto-exploring this place.
 F = Levels seen in this place.
 G = Mean time per level.
                   A        B        C        D        E       F      G
               +--------+--------+--------+--------+--------+-----+--------+
         Total |   2474 |   2400 |     74 |    273 |   1395 |   3 |  824.7 |
       Dungeon |   2474 |   2400 |     74 |    273 |   1395 |   3 |  824.7 |
               +--------+--------+--------+--------+--------+-----+--------+

Top non-repeatable levels by time:
     D:1: 1088 daAuts
     D:2: 889 daAuts
     D:3: 496 daAuts
